 Dungeon Crawl Stone Soup version 0.30-b1-2-g02819fbbbe (webtiles) character file.

Game seed: 3267498978690074904

2082 Ashen the Ogre Mage (level 9, -2/88 HPs)
             Began as an Ogre Air Elementalist on Jan 16, 2024.
             Was a Follower of Vehumet.
             Slain by a centaur (3 damage)
             ... on level 6 of the Dungeon.
             The game lasted 00:17:40 (8408 turns).

Ashen the Ogre Mage (Ogre Air Elementalist)         Turns: 8408, Time: 00:17:40

Health: -2/88      AC:  3    Str: 14    XL:     9   Next: 27%
Magic:  4/19       EV: 10    Int: 20    God:    Vehumet [*.....]
Gold:   361        SH:  0    Dex:  9    Spells: 12/22 levels left

rFire   . . .        B - +1 whip (venom)
rCold   + . .        (no shield)
rNeg    . . .        a - +0 robe
rPois   .            (helmet restricted)
rElec   .            (no cloak)
rCorr   .            (gloves unavailable)
SInv    .            (boots unavailable)
Will    .....        (no amulet)
Stlth   ++           e - ring of protection from cold
HPRegen 0.34/turn    (no ring)
MPRegen 0.16/turn

%: no passive effects
@: slowed, very slow
A: large, unfitting armour, tough skin 1
a: Renounce Religion


You were on level 6 of the Dungeon.
You worshipped Vehumet.
Vehumet was aware of your devotion.
You visited 1 branch of the dungeon, and saw 6 of its levels.

You collected 361 gold pieces.

Inventory:

Hand Weapons
 o - a +0 flail
 B - a +1 whip of venom (weapon)
 D - a +0 giant spiked club
Missiles
 C - a throwing net
Armour
 a - a +0 robe (worn)
Jewellery
 e - a ring of protection from cold (left hand)
 A - a +4 ring of protection
Wands
 r - a wand of flame (11)
 z - a wand of mindburst (3)
Scrolls
 d - 2 scrolls of blinking {unknown}
 f - 4 scrolls of teleportation {unknown}
 g - 2 scrolls of poison {unknown}
 i - 5 scrolls of identify {unknown}
 j - 2 scrolls of amnesia {unknown}
 k - 3 scrolls of fog {unknown}
 q - a scroll of torment {unknown}
 v - 2 scrolls of enchant armour {unknown}
 y - a scroll of summoning {unknown}
Potions
 b - 3 potions of magic
 c - a potion of degeneration {unknown}
 h - 2 potions of ambrosia {unknown}
 l - 2 potions of brilliance {unknown}
 m - 2 potions of curing
 n - a potion of invisibility {unknown}
 p - a potion of haste {unknown}
 s - a potion of flight {unknown}
 t - 2 potions of resistance {unknown}
 u - 2 potions of heal wounds {unknown}
 w - 2 potions of attraction {unknown}
 x - a potion of mutation {unknown}


   Skills:
 + Level 5.2 Fighting
 + Level 3.3 Maces & Flails
 + Level 4.4 Dodging
 - Level 3.0 Stealth
 * Level 7.2 Spellcasting
 + Level 3.9 Conjurations
 + Level 4.8 Air Magic


You had 12 spell levels left.
You knew the following spells:

 Your Spells              Type           Power      Damage    Failure   Level
a - Shock                 Conj/Air       96%        1d9       1%          1
b - Static Discharge      Conj/Air       48%        2-4/arc   2%          2
c - Swiftness             Air            26%        N/A       3%          3
d - Airstrike             Air            13%        2d(2-18)  13%         4

Your spell library contained the following spells:

 Spells                   Type           Power      Damage    Failure   Level
 Magic Dart               Conj           92%        1d7       1%          1
 Lesser Beckoning         Tloc           14%        N/A       14%         2
 Sublimation of Blood     Necr           7%         N/A       14%         2
 Gell's Gravitas          Tloc           7%         N/A       28%         3
 Teleport Other           Tloc           7%         N/A       28%         3
 Petrify                  Tmut/Erth      7%         N/A       67%         4
 Summon Ice Beast         Ice/Summ       7%         N/A       67%         4
 Irradiate                Conj/Tmut      7%         3d14      75%         5
 Metabolic Englaciation   Hex/Ice        3%         N/A       95%         5
 Iron Shot                Conj/Erth      7%         9d2       99%         6


Dungeon Overview and Level Annotations

Branches:
Dungeon (6/15)             Temple (0/1) D:4

Altars:
Elyvilon
Qazlal
Sif Muna
Vehumet
Wu Jian
Xom
Zin

Shops:
D:1 =

Annotations:
D:4 Blork the orc
D:5 exclusion: ogre, Duvessa, Menkaure


Innate Abilities, Weirdness & Mutations

You are too large for most types of armour.
You have tough skin. (AC +1)


Message History

The wraith hits you but does no damage.
Casting: Airstrike (dangerous; 13% risk of failure)
Confirm with . or Enter, or press ? or * to list all spells.
Aiming: Airstrike (dangerous; 13% risk of failure)
Press: ? - help, Dir - move target, f/p - wraith
Aim: a wraith (moderately damaged, empty space bonus: 3/8)
Okay, then.
The wraith attacks as you move away! The wraith hits you!
The wraith drains your vigour!
You feel yourself slow down.
Casting: Airstrike (dangerous; 13% risk of failure)
Confirm with . or Enter, or press ? or * to list all spells.
Aiming: Airstrike (dangerous; 13% risk of failure)
Press: ? - help, Dir - move target, f/p - wraith
Aim: a wraith (moderately damaged, empty space bonus: 4/8)
The air twists around and strikes the wraith.
The wraith is moderately damaged.
The wraith hits you! The wraith hits you. The wraith drains your vigour!
You feel as though you will be slow longer.
Aiming: Mindburst
Press: ? - help, Shift-Dir - straight line, f/p - wraith
Aim: a wraith (moderately damaged, chance to affect: 29%)
The wraith easily resists.
The centaur hits you. The centaur kicks you. The wraith hits you!
* * * LOW HITPOINT WARNING * * *
The wraith drains your vigour!
You feel as though you will be slow longer.
The centaur hits you.
* * * LOW HITPOINT WARNING * * *
The centaur kicks you.
* * * LOW HITPOINT WARNING * * *
It was a potion of curing.
You feel better. The centaur hits you.
* * * LOW HITPOINT WARNING * * *
The centaur kicks you but does no damage.
The wraith closely misses you. The centaur hits you.
* * * LOW HITPOINT WARNING * * *
The centaur kicks you but does no damage.
The wraith hits you!
* * * LOW HITPOINT WARNING * * *
The centaur hits you.
You die...

#...........
#...........
####...........
#..............
#..#####.......
########..############
#?c['..#..#..'...#
#$)$#Wc#..#..#.8.#
#$.(#@.#..#..#.(.#
#####..#..#..#####
#......#..#......#
#......#..#...)..#
#..#####..#####..#
#......#..#......#
#......#..#......#
#####..#..#.)#####
#......#..#..)...#


You could see a wraith and a centaur.

Vanquished Creatures
  An orc warrior (D:6)
  An ice beast (D:6)
  A sky beast (D:6)
  2 black bears (D:6)
  4 ogres (D:6)
  2 phantoms
  2 centaurs (D:6)
  A bullfrog (D:6)
  2 scorpions
  3 howler monkeys
  3 hounds
  A gnoll bouda (D:6)
  An orc priest (D:6)
  3 iguanas (D:6)
  2 sleepcaps (D:6)
  Ijyb (D:4)
  6 orc wizards
  3 gnolls (D:6)
  7 adders
  2 ufetubi (D:6)
  3 worms
  2 dart slugs
  25 orcs
  4 bats
  5 endoplasms
  3 giant cockroaches
  3 hobgoblins
  4 jackals (D:1)
  3 quokkas
  6 ball pythons
  5 frilled lizards
  3 goblins
  5 kobolds
  5 rats
124 creatures vanquished.

Notes
Turn   | Place    | Note
-------+----------+-------------------------------------------
     0 | D:1      | Ashen the Ogre Air Elementalist began the quest for the
                  | Orb.
     0 | D:1      | Reached XP level 1. HP: 16/16 MP: 3/3
   105 | D:1      | Reached skill level 1 in Conjurations
   324 | D:1      | Reached XP level 2. HP: 26/26 MP: 3/5
   670 | D:1      | Found Ygoul's Jewellery Shoppe.
  1006 | D:1      | Reached skill level 3 in Spellcasting
  1183 | D:1      | Reached XP level 3. HP: 24/32 MP: 0/7
  1304 | D:2      | Reached skill level 1 in Fighting
  1491 | D:2      | Got the Catalogue of Cleavage and Cold
  2119 | D:3      | Reached XP level 4. HP: 37/41 MP: 2/9
  2202 | D:2      | Learned a level 2 spell: Static Discharge
  2206 | D:2      | Learned a level 3 spell: Swiftness
  2234 | D:3      | HP: 2/41 [something (1)]
  2560 | D:3      | Reached XP level 5. HP: 34/49 MP: 1/10
  2724 | D:3      | Found an ornate altar of the Wu Jian Council.
  2820 | D:3      | Found a faded altar of an unknown god.
  3169 | D:3      | Found a radiant altar of Vehumet.
  3169 | D:3      | Found a glowing silver altar of Zin.
  3169 | D:3      | Found a stormy altar of Qazlal.
  3176 | D:3      | Became a worshipper of Vehumet
  3195 | D:3      | Found a shimmering blue altar of Sif Muna.
  3326 | D:4      | Noticed Blork the orc
  3337 | D:4      | Learned a level 4 spell: Airstrike
  3390 | D:4      | Reached skill level 4 in Spellcasting
  3439 | D:4      | Noticed Ijyb
  3450 | D:4      | Killed Ijyb
  3594 | D:4      | Reached XP level 6. HP: 28/58 MP: 4/12
  4008 | D:4      | Reached skill level 1 in Maces & Flails
  4314 | D:4      | Found a staircase to the Ecumenical Temple.
  4685 | D:5      | Entered Level 5 of the Dungeon
  5016 | D:5      | Noticed Menkaure
  5322 | D:5      | Reached XP level 7. HP: 54/66 MP: 8/14
  5684 | D:5      | Noticed Duvessa
  6071 | D:6      | Reached skill level 5 in Spellcasting
  6417 | D:6      | Reached XP level 8. HP: 75/75 MP: 8/16
  6476 | D:6      | Found a white marble altar of Elyvilon.
  6476 | D:6      | Found a shimmering altar of Xom.
  6719 | D:6      | Reached * piety under Vehumet
  6719 | D:6      | Offered knowledge of Magic Dart by Vehumet.
  6813 | D:6      | Reached skill level 6 in Spellcasting
  7711 | D:6      | Reached XP level 9. HP: 63/87 MP: 19/19
  7982 | D:6      | Reached skill level 5 in Fighting
  7982 | D:6      | Reached skill level 7 in Spellcasting
  8408 | D:6      | HP: 1/88 [wraith (7)]
  8408 | D:6      | Slain by a centaur

Illustrated notes

Levels and vault maps discovered:
D:1:      minmay_arrival_three_doors, layout_loops_ring, serial_shops,
          nicolae_shop_gaudy_bauble
D:2:      layout_rooms, nrook_mini_vaults
D:3:      kennysheep_big_flooded_room, layout_rooms,
          gammafunk_temple_overflow_claw, lemuel_round_altar,
          nzn_wu_jian_contemplation, nicolae_ecumenical_pavilion,
          dreamdust_princess_corridor, chequers_serial_rivers_small_b
D:4:      layout_loops_corners, minmay_temple_entry_gardened_gates,
          chequers_serial_rivers_small_b, uniq_ijyb, uniq_blork_the_orc
D:5:      layout_basic, nicolae_nh_ransacked_shop, uniq_menkaure, uniq_duvessa
D:6:      kennysheep_windowed_halls, layout_basic,
          gammafunk_temple_overflow_elements

Skill      XL: |  1  2  3  4  5  6  7  8  9 |
---------------+----------------------------+-----
Conjurations   | 1 2 3 |  3.9
Dodging        | 2 3 4 |  4.4
Spellcasting   | 3 4 5 6 7 |  7.2
Fighting       | 1 2 3 4 5 |  5.2
Air Magic      | 3 4 |  4.8
Stealth        | 2 3 |  3.0
Maces & Flails | 1 2 3 |  3.3

Action                     |  1- 3 |  4- 6 |  7- 9 || total
---------------------------+-------+-------+-------++-------
  Melee: Unarmed           |    57 |    38 |       ||    95
         Flail             |       |    42 |    15 ||    57
         Punch             |       |     1 |     2 ||     3
         Whip              |       |       |    77 ||    77
   Cast: Shock             |    91 |    98 |   102 ||   291
         Static Discharge  |       |     1 |    15 ||    16
         Airstrike         |       |     1 |     9 ||    10
  Evoke: Wand              |       |       |    16 ||    16
    Use: Potion            |       |       |     1 ||     1
   Stab: Sleeping          |       |     2 |       ||     2
         Distracted        |       |     1 |       ||     1
 Armour: Robe              |    18 |    24 |    29 ||    71
  Dodge: Dodged            |    44 |    53 |    69 ||   166
